 Dungeon Crawl Stone Soup version 0.30.1-4-g462c640d31 (webtiles) character file.

Game seed: 6153086158243776646

16152 Tempokai the Blocker (level 12, -8/103 HPs)
             Began as a Minotaur Fighter on Sept 3, 2023.
             Was a Believer of the Shining One.
             Mangled by an eight-headed hydra (10 damage)
             ... on level 2 of the Lair of Beasts.
             The game lasted 00:29:08 (11143 turns).

Tempokai the Blocker (Minotaur Fighter)            Turns: 11143, Time: 00:29:09

Health: -8/103     AC: 10    Str: 25    XL:     12   Next: 7%
Magic:  0/11       EV: 15    Int:  7    God:    the Shining One [**....]
Gold:   894        SH: 23    Dex: 18    Spells: 11/11 levels left

rFire   x . .        k - +1 flail (heavy)
rCold   . . .        D - +4 tower shield
rNeg    + . .        H - +0 ring mail "Qesyr" {rF- Int+3 Dex+4}
rPois   .            (helmet restricted)
rElec   .            s - +0 cloak
rCorr   .            f - +0 pair of gloves
SInv    +            i - +0 pair of boots {Fly}
Will    +....        d - amulet of guardian spirit
Stlth   +            m - ring of see invisible
HPRegen 0.37/turn    A - ring of willpower
MPRegen 0.12/turn

%: guardian spirit
@: flying, glowing
A: horns 2, retaliatory headbutt, strong 1
a: Renounce Religion, Divine Shield


You were on level 2 of the Lair of Beasts.
You worshipped the Shining One.
The Shining One was pleased with you.
You visited 3 branches of the dungeon, and saw 13 of its levels.
You also visited: Bailey.

You collected 894 gold pieces.

Inventory:

Hand Weapons
 a - a +0 war axe
 k - a +1 heavy flail (weapon)
 y - a +1 spear of venom
Missiles
 r - a throwing net (quivered)
Armour
 e - +0 steam dragon scales
 f - a +0 pair of gloves (worn)
 i - a +0 pair of boots of flying (worn)
 s - a +0 cloak (worn)
 w - a +1 ring mail of fire resistance
 x - a +2 ring mail of willpower
 D - a +4 tower shield (worn)
 G - the +1 ring mail of the Dolphin {rPois}
   (You found it on level 2 of the Lair of Beasts)

   rPois:     It protects you from poison.
 H - the +0 ring mail "Qesyr" (worn) {rF- Int+3 Dex+4}
   (You found it on level 4 of the Dungeon)

   Int:       It affects your intelligence (+3).
   Dex:       It affects your dexterity (+4).
   rF:        It makes you vulnerable to fire.
Jewellery
 d - an amulet of guardian spirit (around neck)
 m - a ring of see invisible (left hand)
 q - a ring of protection from cold
 u - a ring of resist corrosion
 A - a ring of willpower (right hand)
Wands
 b - a wand of paralysis (12)
 o - a wand of light (12)
 C - a wand of iceblast (5)
Scrolls
 c - 4 scrolls of teleportation
 n - 3 scrolls of magic mapping
 p - 3 scrolls of vulnerability
 z - 4 scrolls of identify
 E - 3 scrolls of poison
Potions
 g - 4 potions of flight
 h - a potion of magic
 j - 4 potions of berserk rage
 l - 4 potions of heal wounds
 v - a potion of haste
 B - 3 potions of curing
 F - a potion of might
Miscellaneous
 t - a condenser vane (inert)


   Skills:
 + Level 8.8 Fighting
 + Level 12.0(12.7) Axes
 + Level 4.6(9.0) Maces & Flails
 + Level 4.6(9.0) Polearms
 + Level 6.6 Armour
 * Level 10.0 Dodging
 + Level 3.5 Stealth
 * Level 14.0 Shields
 + Level 0.4 Invocations
 + Level 0.4 Evocations


You had 11 spell levels left.
You didn't know any spells.
Your spell library contained the following spells:

 Spells                   Type           Power      Damage    Failure   Level
 Freeze                   Ice            0%         1d3       86%         1
 Sandblast                Erth           0%         2d4       86%         1
 Lesser Beckoning         Tloc           0%         N/A       95%         2
 Passwall                 Tmut/Erth      0%         N/A       95%         2
 Scorch                   Fire           0%         2d5       95%         2
 Dazzling Flash           Conj/Hex       0%         N/A       99%         3
 Frozen Ramparts          Ice            0%         1d1       99%         3
 Gell's Gravitas          Tloc           0%         N/A       99%         3
 Hailstorm                Conj/Ice       0%         3d3       99%         3
 Ozocubu's Armour         Ice            0%         N/A       99%         3
 Stone Arrow              Conj/Erth      0%         3d7       99%         3
 Teleport Other           Tloc           0%         N/A       99%         3
 Volatile Blastmotes      Fire/Tloc      0%         2d10      99%         3
 Flame Wave               Conj/Fire      0%         2d4       100%        4
 Iskenderun's Mystic Bla  Conj/Tloc      0%         2d3       100%        4
 Metabolic Englaciation   Hex/Ice        0%         N/A       100%        5
 Simulacrum               Ice/Necr       0%         N/A       100%        6
 Starburst                Conj/Fire      0%         6d3       100%        6
 Summon Cactus Giant      Summ           0%         N/A       100%        6
 Ozocubu's Refrigeration  Ice            0%         4d7       100%        7
 Polar Vortex             Ice            0%         N/A       100%        9


Dungeon Overview and Level Annotations

Branches:
Dungeon (10/15)            Temple (1/1) D:6            Lair (2/5) D:10
 Bailey (visited)
  Swamp: Lair:2-3    Shoals: Lair:2-3     Snake: Lair:2-3    Spider: Lair:2-3
    Orc: D:9-12

Altars:
Ashenzari
Cheibriados
Dithmenos
Elyvilon
Fedhas
Gozag
Hepliaklqana
Kikubaaqudgha
Makhleb
Nemelex Xobeh
Okawaru
Qazlal
Ru
Sif Muna
Trog
Uskayaw
Vehumet
Wu Jian
Xom
Yredelemnul
Zin
The Shining One

Shops:
D:2 !


Innate Abilities, Weirdness & Mutations

You have a pair of horns on your head.
You reflexively headbutt those who attack you in melee.
Your muscles are strong. (Str +4, Int/Dex -1)


Message History

Aim: an eight-headed hydra (chance to affect: 18%)
The eight-headed hydra suddenly stops moving!
You hit the eight-headed hydra.
The eight-headed hydra is lightly wounded.
You sock the eight-headed hydra! You headbutt the eight-headed hydra.
The eight-headed hydra is moderately wounded.
You bludgeon the eight-headed hydra!! You headbutt the eight-headed hydra!
The eight-headed hydra is severely wounded.
You thump the eight-headed hydra!
The eight-headed hydra is almost dead.
The eight-headed hydra is no longer paralysed.
The eight-headed hydra bites you!
The eight-headed hydra barely misses you.
The eight-headed hydra bites you!
You block the eight-headed hydra's attack. x2
The eight-headed hydra bites you! x2
* * * LOW HITPOINT WARNING * * *
You block the eight-headed hydra's attack.
The eight-headed hydra bites you!
* * * LOW HITPOINT WARNING * * *
The eight-headed hydra barely misses you. x2
The eight-headed hydra bites you!
* * * LOW HITPOINT WARNING * * *
The eight-headed hydra bites you but does no damage.
The eight-headed hydra closely misses you.
The eight-headed hydra bites you.
* * * LOW HITPOINT WARNING * * *
The eight-headed hydra closely misses you.
You see here a komodo dragon corpse.
Found a stone staircase leading down.
The eight-headed hydra attacks as you move away!
You block the eight-headed hydra's attack.
The eight-headed hydra bites you. The Shining One protects you from harm!
The eight-headed hydra completely misses you.
You block the eight-headed hydra's attack. x2
The eight-headed hydra completely misses you.
The eight-headed hydra closely misses you.
The eight-headed hydra bites you!
You die...

#.....♣...........#
####
#...###♣.....#....#
#...# ###...##.###
#...# ### ###...###
#... ##...#......##
. ....
........^....+...
♣..
..<..♣.....♣....
...
........D†...+...
#....###.@.###..
###. #......... ##
#....#...##
#...##.....# ....##
....## ....# .....#
.>.## ... # ###
...#


You could see an eight-headed hydra.

Vanquished Creatures
  A catoblepas (Lair:2)
  2 two-headed ogres
  A death yak (Lair:1)
  4 elephants (Lair:2)
  A torpor snail (Lair:1)
  4 cane toads
  2 gargoyles (D:10)
  2 komodo dragons (Lair:2)
  2 rime drakes (Lair:1)
  A troll (D:10)
  2 hornets (D:10)
  Sigmund (D:2)
  18 yaks
  A shadow (D:10)
  A wyvern (D:8)
  A steam dragon (D:9)
  Grum (D:10)
  2 water moccasins
  9 orc warriors
  A sky beast (D:6)
  2 black bears
  An ice beast (D:5)
  An ogre (D:5)
  3 wolves (D:10)
  4 centaurs
  3 phantoms (D:7)
  3 kobold brigands
  3 bullfrogs
  3 gnoll sergeants
  3 scorpions
  3 killer bees (D:9)
  4 electric eels (D:10)
  2 howler monkeys (D:9)
  8 orc priests
  A jelly (D:4)
  Crazy Yiuf (D:2)
  13 hounds
  A gnoll bouda (D:9)
  2 sleepcaps
  5 hell rats (Lair:1)
  7 iguanas
  7 orc wizards
  Robin (D:2)
  22 gnolls
  4 adders
  A shadow imp (D:4)
  3 white imps
  4 worms
  A dart slug (D:1)
  23 orcs
  12 ball pythons
  4 endoplasms
  3 giant cockroaches
  24 goblins
  11 hobgoblins
  11 jackals
  7 quokkas
  5 bats (D:1)
  6 frilled lizards
  27 kobolds
  5 rats
  A spectral kobold (D:1)
312 creatures vanquished.

Notes
Turn   | Place    | Note
-------+----------+-------------------------------------------
     0 | D:1      | Tempokai the Minotaur Fighter began the quest for the Orb.
     0 | D:1      | Reached XP level 1. HP: 19/19 MP: 0/0
   185 | D:1      | Reached XP level 2. HP: 27/27 MP: 1/1
   346 | D:1      | Found a faded altar of an unknown god.
   357 | D:1      | Reached skill level 1 in Dodging
   569 | D:2      | Reached XP level 3. HP: 32/33 MP: 2/2
   622 | D:2      | Noticed Robin
   639 | D:2      | HP: 1/33 [goblin/+0 club[Robin] (3)]
   644 | D:2      | Killed Robin
   645 | D:2      | Reached skill level 4 in Shields
   653 | D:2      | Reached XP level 4. HP: 5/40 MP: 3/3
   822 | D:2      | Found a runed translucent door.
   823 | D:2      | Noticed Crazy Yiuf
   926 | D:2      | Found Qereat's Distillery.
   995 | D:2      | Noticed Sigmund
  1003 | D:2      | Killed Sigmund
  1004 | D:2      | Reached skill level 5 in Axes
  1004 | D:2      | Reached XP level 5. HP: 46/47 MP: 4/4
  1052 | D:2      | Reached XP level 6. HP: 17/53 MP: 2/5
  1855 | D:2      | Killed Crazy Yiuf
  1900 | D:3      | Found a hazy altar of Hepliaklqana.
  2809 | D:3      | Reached skill level 5 in Armour
  3154 | D:4      | Reached skill level 5 in Fighting
  3154 | D:4      | Reached XP level 7. HP: 61/61 MP: 6/6
  3498 | D:4      | Identified the +0 ring mail "Qesyr" {rF- Int+3 Dex+4}
  3728 | D:4      | Found an iron altar of Okawaru.
  3734 | D:4      | Reached skill level 8 in Shields
  3734 | D:4      | Reached XP level 8. HP: 73/73 MP: 7/7
  3790 | D:5      | Entered Level 5 of the Dungeon
  4112 | D:5      | Found an ancient bone altar of Kikubaaqudgha.
  4112 | D:5      | Found a shimmering altar of Xom.
  4337 | D:5      | Reached skill level 9 in Shields
  4402 | D:5      | Reached XP level 9. HP: 79/79 MP: 8/8
  4659 | D:6      | Found a broken altar of Ashenzari.
  4664 | D:6      | Found a radiant altar of Vehumet.
  4681 | D:6      | Found a blossoming altar of Fedhas.
  4684 | D:6      | Found a basalt altar of Yredelemnul.
  4691 | D:6      | Found a snail-covered altar of Cheibriados.
  4697 | D:6      | Found a bloodstained altar of Trog.
  5157 | D:6      | Found a staircase to the Ecumenical Temple.
  5166 | Temple   | Entered the Ecumenical Temple
  5332 | Temple   | Became a worshipper of the Shining One
  5350 | D:6      | Found an opulent altar of Gozag.
  5350 | D:6      | Found a sparkling altar of Nemelex Xobeh.
  5649 | D:7      | Found a flagged portal.
  5669 | Bailey   | Entered a bailey
  5745 | Bailey   | Gained mutation: Your body sometimes deteriorates upon
                  | taking damage. [potion of mutation]
  5745 | Bailey   | Gained mutation: You expend magic power (3 MP) to
                  | strengthen your wands. [potion of mutation]
  5753 | Bailey   | Reached skill level 10 in Shields
  6144 | D:7      | Lost mutation: Your body sometimes deteriorates upon taking
                  | damage. [potion of mutation]
  6144 | D:7      | Lost mutation: You expend magic power (3 MP) to strengthen
                  | your wands. [potion of mutation]
  6144 | D:7      | Gained mutation: Your muscles are strong. (Str +4, Int/Dex
                  | -1) [potion of mutation]
  6647 | D:7      | Reached XP level 10. HP: 84/86 MP: 9/9
  7571 | D:9      | Reached * piety under the Shining One
  7583 | D:9      | Reached skill level 11 in Shields
  7827 | D:9      | Noticed a two-headed ogre
  7833 | D:9      | Killed a two-headed ogre
  7834 | D:9      | Reached skill level 10 in Axes
  8215 | D:9      | Found a burning altar of Makhleb.
  8320 | D:10     | Entered Level 10 of the Dungeon
  8320 | D:10     | Noticed a two-headed ogre
  8331 | D:10     | Killed a two-headed ogre
  8388 | D:10     | Reached XP level 11. HP: 80/94 MP: 10/10
  8434 | D:10     | Found a stormy altar of Qazlal.
  8444 | D:10     | Reached skill level 12 in Shields
  8557 | D:10     | Found a staircase to the Lair.
  8909 | D:10     | Reached ** piety under the Shining One
  9175 | D:10     | Noticed Grum
  9187 | D:10     | Killed Grum
  9954 | Lair:1   | Entered Level 1 of the Lair of Beasts
  9956 | Lair:1   | Noticed a death yak
  9975 | Lair:1   | Killed a death yak
 10014 | Lair:1   | Reached skill level 13 in Shields
 10915 | Lair:2   | Noticed a catoblepas
 10964 | Lair:2   | Killed a catoblepas
 10980 | Lair:2   | Reached XP level 12. HP: 64/103 MP: 7/11
 11089 | Lair:2   | Identified the +1 ring mail of the Dolphin {rPois}
 11128 | Lair:2   | Noticed an eight-headed hydra
 11132 | Lair:2   | Reached skill level 10 in Dodging
 11132 | Lair:2   | Reached skill level 14 in Shields
 11140 | Lair:2   | HP: 2/103 [eight-headed hydra (5)]
 11143 | Lair:2   | The Shining One protects you from harm!
 11143 | Lair:2   | Mangled by an eight-headed hydra

Illustrated notes

Levels and vault maps discovered:
D:1:      heliophobic_arrival_dark_side_of_the_moon, layout_rooms,
          dreamdust_ecumenical_altar_drowned_temple
D:2:      cheibrodos_pilgrimage, layout_basic, serial_shops,
          nicolae_shop_window_shopping, kennysheep_generic_room_3, uniq_sigmund,
          uniq_robin, uniq_crazy_yiuf_cottage
D:3:      layout_basic, mainiacjoe_overflow_catwalk
D:4:      layout_basic, general_overflow_altar
D:5:      minmay_octagon_keep, layout_basic, gammafunk_temple_overflow_pools,
          chequers_serial_rivers_micro_b
D:6:      layout_basic, grunt_temple_overflow_opulence,
          nicolae_overflow_hallway_of_the_gods,
          minmay_temple_entry_statues_pillars, minmay_misc_feat_rugged
D:7:      layout_basic, enter_bailey_5, hangedman_abyss_or_decor_passed
D:8:      layout_basic
D:9:      layout_irregular_city, mainiacjoe_overflow_chevrons, chequers_garden,
          statue_in_the_mist_lemuel
D:10:     layout_roguey, mainiacjoe_overflow_surrounded_room, erik_lair_island,
          grunt_ministairs_13, uniq_grum
Temple:   hellmonk_temple_forest_ring
Lair:1:   layout_hall_layers
Lair:2:   dreamdust_cave_troll, layout_cellular_growth,
          minmay_snake_entry_guardpost_small, grunt_megastairs_5,
          lemuel_fruit_tree, lemuel_fruit_fields

Skill      XL: |  1  2  3  4  5  6  7  8  9 10 11 12 |
---------------+-------------------------------------+-----
Armour         | 4 5 6 |  6.6
Dodging        | 1 2 3 7 8 9 10 | 10.0
Axes           | 3 5 6 8 9 10 11 12 | 12.0
Fighting       | 4 5 7 8 |  8.8
Shields        | 4 8 9 10 11 13 14 | 14.0
Maces & Flails | 4 |  4.6
Polearms       | 4 |  4.6
Stealth        | 3 |  3.5
Invocations    | |  0.4
Evocations     | |  0.4

Action                     |  1- 3 |  4- 6 |  7- 9 | 10-12 || total
---------------------------+-------+-------+-------+-------++-------
  Melee: War axe           |    83 |   107 |   311 |   355 ||   856
         Headbutt          |    11 |    16 |    61 |   114 ||   202
         Flail             |       |       |       |     4 ||     4
 Invoke: Divine Shield     |       |       |       |     1 ||     1
  Evoke: Wand              |       |     1 |       |     9 ||    10
         Condenser vane    |       |       |       |     1 ||     1
    Use: Potion            |     1 |       |    10 |     1 ||    12
         Scroll            |       |     4 |    10 |     4 ||    18
   Stab: Sleeping          |       |       |     1 |       ||     1
 Armour: Scale mail        |    69 |    42 |     7 |       ||   118
         Ring mail         |       |       |    52 |    45 ||    97
  Dodge: Dodged            |    47 |    64 |   101 |   122 ||   334
  Block: Buckler           |    33 |    24 |       |       ||    57
         Tower shield      |       |     1 |   339 |   434 ||   774
